Construct Section Command Post
Construct Platoon Command Post
Unlock M3 Stuart Light Tanks
Selects Australian Defense Battlegroup
Selects Australian Light Infantry Section
Selects 2-pounder Anti-tank Gun Team
2-pounder Anti-tank Gun Team
Unlock Bishop Self-propelled Artillery
2-pounder Anti-tank Gun Team
Bishop Self-propelled Artillery
Bishop Self-propelled Artillery
Selects Vehicle Over Repair
Selects CMP 15cwt Supply Run
Selects Reinforced Resource Caches
Construct Company Command Post
Unlock Towed 17-pounder Anti-tank Guns
Selects Charged Creeping Barrage
17-pounder Anti-tank Gun Team
17-pounder Anti-tank Gun Team